 Dungeon Crawl Stone Soup version 0.27-a0-1291-geefcff550b (webtiles) character file.

Game seed: 6715488239267855079

126 thriggle the Chiller (level 5, -5/37 HPs)
             Began as a Barachi Ice Elementalist on June 15, 2021.
             Was a Follower of Zin.
             Slain by an ogre (24 damage)
             ... on level 4 of the Dungeon.
             The game lasted 00:11:53 (4196 turns).

thriggle the Chiller (Barachi Ice Elementalist)     Turns: 4196, Time: 00:11:53

Health: -5/37      AC:  6    Str: 10    XL:     5   Next: 9%
Magic:  12/18      EV:  6    Int: 16    God:    Zin [*.....]
Gold:   67         SH:  7    Dex: 12    Spells: 2/9 levels left

rFire    + . .     SeeInvis .   w - +0 falchion
rCold    . . .     Faith    .   p - +0 kite shield
rNeg     . . .     Spirit   .   x - +0 scale mail
rPois    .         Reflect  .   (no helmet)
rElec    .         Harm     .   (no cloak)
rCorr    .         Rampage  .   (no gloves)
Will     .....                  (no boots)
Stlth    +.........             (no amulet)
HPRegen  0.12/turn              l - ring of magical power
MPRegen  0.16/turn              o - ring of protection from fire

@: very slightly contaminated, slow
A: amphibious, slowness 1, strong legs 1, +LOS
a: Hop, Renounce Religion, Recite, Donate Gold


You were on level 4 of the Dungeon.
You worshipped Zin.
Zin was aware of your devotion.
You visited 1 branch of the dungeon, and saw 4 of its levels.

You collected 151 gold pieces.
You donated 84 gold pieces to Zin.

Inventory:

Hand Weapons
 b - a +1 short sword of draining
 c - a +0 whip
 d - a +0 dagger
 i - a +0 rapier
 u - a +1 dagger of speed
 w - a +0 falchion (weapon)
Missiles
 e - 92 stones (quivered)
 f - 7 javelins
 t - 2 boomerangs of dispersal
Armour
 a - a +0 robe
 p - a +0 kite shield (worn)
 x - a +0 scale mail (worn)
Jewellery
 l - a ring of magical power (left hand)
 o - a ring of protection from fire (right hand)
Wands
 k - a wand of acid (4)
Scrolls
 g - 2 scrolls of teleportation
 h - 3 scrolls of amnesia
 j - 2 scrolls of fog
 n - 2 scrolls of noise
 r - a scroll of torment
 s - a scroll of magic mapping {unknown}
Potions
 m - a potion of ambrosia
 q - a potion of lignification {unknown}
 v - a potion of mutation {unknown}


   Skills:
 + Level 1.4 Fighting
 + Level 1.4 Long Blades
 + Level 1.3 Throwing
 + Level 1.0 Armour
 + Level 2.9 Dodging
 + Level 2.3 Stealth
 + Level 1.1 Shields
 + Level 2.6 Spellcasting
 + Level 5.3 Ice Magic
 + Level 0.0 Invocations


You had 2 spell levels left.
You knew the following spells:

 Your Spells              Type           Power      Damage    Failure   Level
a - Freeze                Ice            76%        1d9       67%         1
b - Frozen Ramparts       Ice            38%        1d5       95%         3
c - Ozocubu's Armour      Ice            19%        N/A       95%         3

Your spell library contained the following spells:

 Spells                   Type           Power      Damage    Failure   Level
 Hailstorm                Conj/Ice       10%        3d5       100%        4
 Metabolic Englaciation   Hex/Ice        5%         N/A       100%        5


Dungeon Overview and Level Annotations

Branches:
Dungeon (4/15)
 Temple: D:4-7

Altars:
Gozag
Zin


Innate Abilities, Weirdness & Mutations

You are amphibious.
You cover ground slowly.
You can hop short distances.
You have an extended range of vision and can be seen from far away.


Message History

You feel that Zin will soon be aware of your devotion.
There is an open door here.
Done exploring.
Done exploring.
You see here a +0 morningstar.
Things that are here:
a +0 hand axe; a +0 short sword; a +0 ring mail
There is a stone staircase leading down here.
You climb downwards.
There is a stone staircase leading up here.
An ogre comes into view. It is wielding a +0 giant spiked club.
The ogre shouts!
The ogre moves out of view.
An ogre is nearby!
Throw: 93 stones
Press: ? - help, Q - select action, (/) - cycle Shift-Dir - straight line, f - ogre
Aim: an ogre, wielding a +0 giant spiked club (70% to hit)
You throw a stone.
The stone hits the ogre but does no damage.
Casting: Frozen Ramparts (potentially lethal; 95% risk of failure)
Confirm with . or Enter, or press ? or * to list all spells.
Okay, then.
You are not zealous enough to affect this audience!
Casting: Frozen Ramparts (potentially lethal; 95% risk of failure)
Confirm with . or Enter, or press ? or * to list all spells.
The spell is potentially lethal to cast (95% risk of failure)!
Continue anyway?
Casting: Frozen Ramparts (potentially lethal; 95% risk of failure)
Press: ? - help, Dir - look around, f - activate You miscast Frozen Ramparts.
You are very lightly contaminated with residual magic.
Nothing appears to happen.
Casting: Frozen Ramparts (potentially lethal; 95% risk of failure)
Confirm with . or Enter, or press ? or * to list all spells.
The spell is potentially lethal to cast (95% risk of failure)!
Continue anyway?
You miscast Ozocubu's Armour.
A chill runs through your body!
The ogre hits you with a +0 giant spiked club.
You closely miss the ogre.
The ogre hits you with a +0 giant spiked club!!
Ouch! That really hurt!
You die...

###.########
#...........
#..........
#...(......
..........
..........
.........#
.........#####
.........O@<.#
#........#####
..........
###########


You could see an ogre.

Vanquished Creatures
  3 adders
  An adder zombie (D:3)
  4 worms
  2 dart slugs
  6 orcs (D:3)
  4 endoplasms
  A giant cockroach (D:2)
  5 goblins
  3 hobgoblins
  2 jackals (D:1)
  8 kobolds
  3 quokkas
  8 ball pythons
  4 bats
  2 frilled lizards (D:2)
  25 rats
81 creatures vanquished.

Vanquished Creatures (others)
  A plant (D:1)
1 creature vanquished.

Grand Total: 82 creatures vanquished

Notes
Turn   | Place    | Note
-------+----------+-------------------------------------------
     0 | D:1      | thriggle the Barachi Ice Elementalist began the quest for
                  | the Orb.
     0 | D:1      | Reached XP level 1. HP: 13/13 MP: 3/3
   256 | D:1      | Reached XP level 2. HP: 18/20 MP: 3/5
   566 | D:1      | Reached skill level 5 in Ice Magic
   983 | D:1      | Reached XP level 3. HP: 25/25 MP: 4/6
   987 | D:1      | Learned a level 3 spell: Frozen Ramparts
  1249 | D:2      | Reached skill level 1 in Throwing
  1289 | D:2      | Reached skill level 1 in Fighting
  1824 | D:2      | Reached skill level 1 in Long Blades
  3062 | D:3      | Reached XP level 4. HP: 28/32 MP: 7/7
  3066 | D:3      | Learned a level 3 spell: Ozocubu's Armour
  3706 | D:3      | Reached skill level 1 in Shields
  3850 | D:3      | Reached XP level 5. HP: 37/37 MP: 8/8
  3967 | D:3      | Reached skill level 1 in Armour
  4120 | D:3      | Found an opulent altar of Gozag.
  4121 | D:3      | Found a glowing silver altar of Zin.
  4138 | D:3      | Became a worshipper of Zin the Law-Giver
  4138 | D:3      | Reached * piety under Zin
  4139 | D:3      | Donated 69 gold pieces to Zin
  4188 | D:4      | Noticed an ogre
  4196 | D:4      | Slain by an ogre

Illustrated notes

Levels and vault maps discovered:
D:1:      lightli_arrival_lavapool, layout_loops_ring, serial_forest,
          infiniplex_forest_clump_medium, infiniplex_forest_corner_2,
          infiniplex_forest_clump_double, infiniplex_forest_clump_small,
          infiniplex_forest_fountain, infiniplex_forest_end_double,
          minmay_quantized
D:2:      layout_loops_corners, amcnicky_mini_corridor_feature,
          grunt_decor_mini_mirrors, solitary_fountain, nrook_mini_backslash,
          kennysheep_nub
D:3:      layout_rooms, grunt_temple_overflow_gold_and_silver,
          hangedman_decor_opposing, minmay_rat_hole
D:4:      layout_basic, nicolae_ru_great_annihilating_truth,
          kennysheep_little_box, kennysheep_mini, marbit_many_paths

Skill      XL: |  1  2  3  4  5 |
---------------+----------------+-----
Ice Magic      | 5 |  5.3
Stealth        | 2 |  2.3
Throwing       | 1 |  1.3
Fighting       | 1 |  1.4
Long Blades    | 1 |  1.4
Shields        | 1 |  1.1
Armour         | 1 |  1.0
Dodging        | |  2.9
Spellcasting   | |  2.6

Action                   |  1- 3 |  4- 6 || total
-------------------------+-------+-------++-------
Melee: Dagger            |     9 |    16 ||    25
       Whip              |     2 |       ||     2
       Rapier            |    49 |       ||    49
       Short sword       |     1 |    39 ||    40
       Falchion          |       |    12 ||    12
Throw: Stone             |     3 |    12 ||    15
 Cast: Freeze            |    28 |     3 ||    31
       Frozen Ramparts   |     3 |     5 ||     8
       Ozocubu's Armour  |       |     3 ||     3
Invok: Donate Gold       |       |     1 ||     1
 Abil: Hop               |       |     2 ||     2
Evoke: Wand              |       |     3 ||     3
  Use: Scroll            |     4 |     2 ||     6
 Stab: Sleeping          |     7 |     3 ||    10
Armor: Robe              |    13 |    13 ||    26
       Scale mail        |       |     4 ||     4
Dodge: Dodged            |    37 |    39 ||    76
       Rpst.: Falchion   |       |     2 ||     2

Table legend: (Time is in decaauts)
 A = Elapsed time spent in this place.
 B = Non-inter-level travel time spent in this place.
 C = Inter-level travel time spent in this place.
 D = Time resting spent in this place.
 E = Time spent auto-exploring this place.
 F = Levels seen in this place.
 G = Mean time per level.
                   A        B        C        D        E       F      G
               +--------+--------+--------+--------+--------+-----+--------+
         Total |   4698 |   4536 |    162 |    488 |   3035 |   4 | 1174.5 |
       Dungeon |   4698 |   4536 |    162 |    488 |   3035 |   4 | 1174.5 |
               +--------+--------+--------+--------+--------+-----+--------+

Top non-repeatable levels by time:
     D:2: 2001 daAuts
     D:1: 1425 daAuts
     D:3: 1261 daAuts
     D:4: 10 daAuts
